 Dungeon Crawl Stone Soup version 0.32-a0-401-g0bcb2a7693 (webtiles) character file.

Game seed: 3981990682746320984

2594 Kenran the Carver (level 9, 0/68 HPs)
             Began as a Coglin Gladiator on Feb 20, 2024.
             Was a Believer of Okawaru.
             Killed from afar by Erica (15 damage)
             ... with a bolt of poison
             ... on level 8 of the Dungeon.
             The game lasted 00:14:44 (6023 turns).

Kenran the Carver (Coglin Gladiator)                Turns: 6023, Time: 00:14:45

Health: 0/68       AC: 14    Str: 15    XL:     9   Next: 58%
Magic:  7/9        EV: 12    Int:  7    God:    Okawaru [**....]
Gold:   530        SH:  0    Dex: 20    Spells: 8/8 levels left

rFire   . . .        a - +0 long sword {Chang}
rCold   . . .        q - +1 dagger (venom) {Sosibius}
rNeg    . . .        i - +0 scale mail
rPois   .            c - +0 helmet
rElec   .            C - +0 cloak
rCorr   .            (no gloves)
SInv    .            (no boots)
Will    .....        (no amulet)
Stlth   ++           f - +4 ring of protection
HPRegen 0.31/turn    (no ring)
MPRegen 0.11/turn

%: no passive effects
@: lethally poisoned (0 -> -19), heroic, immotile, constricted, revved
A: off-hand wielding, slow wielding, warmup strikes, legs shutdown
a: Renounce Religion, Heroism


You were on level 8 of the Dungeon.
You worshipped Okawaru.
Okawaru was pleased with you.
You visited 2 branches of the dungeon, and saw 9 of its levels.

You collected 530 gold pieces.

Inventory:

Hand Weapons
 a - a +0 long sword (weapon) {Chang}
 q - a +1 dagger of venom (worn) {Sosibius}
Missiles
 d - 3 throwing nets (quivered)
 e - a javelin
Armour
 c - a +0 helmet (worn)
 i - a +0 scale mail (worn)
 C - a +0 cloak (worn)
Jewellery
 f - a +4 ring of protection (left grasper)
 A - a ring of poison resistance
Wands
 k - a wand of mindburst (13)
 t - a wand of iceblast (4)
 u - a wand of flame (18)
Scrolls
 b - a scroll of vulnerability {!r}
 h - 2 scrolls of fear
 l - 4 scrolls of teleportation
 p - 2 scrolls of enchant armour
 s - 2 scrolls of immolation {!r}
 w - 2 scrolls of fog
 x - a scroll of brand weapon {unknown}
 y - a scroll of poison {unknown}
 z - 3 scrolls of blinking
 B - a scroll of enchant weapon {unknown}
Potions
 g - a potion of brilliance
 j - a potion of might {unknown}
 m - 2 potions of mutation {unknown}
 n - a potion of degeneration {unknown}
 o - 2 potions of heal wounds {unknown}
 r - a potion of resistance {unknown}
 v - a potion of magic {unknown}
 D - a potion of enlightenment {unknown}
 E - a potion of lignification {unknown}
 F - 2 potions of curing {@q1}


   Skills:
 - Level 5.2(10.2) Fighting
 + Level 10.2(15.2) Long Blades
 - Level 1.7(6.7) Throwing
 + Level 1.9(6.9) Armour
 - Level 5.0(10.0) Dodging
 - Level 5.0 Evocations


You had 8 spell levels left.
You didn't know any spells.
Your spell library contained the following spells:

 Spells                   Type           Power      Damage    Failure   Level
 Sublimation of Blood     Necr           0%         N/A       93%         2
 Ozocubu's Armour         Ice            0%         N/A       99%         3
 Petrify                  Alch/Erth      0%         N/A       100%        4
 Irradiate                Conj/Alch      0%         3d11      100%        5
 Metabolic Englaciation   Hex/Ice        0%         N/A       100%        5
 Summon Ice Beast         Ice/Summ       Unusable   N/A       N/A         3
 Summon Mana Viper        Hex/Summ       Unusable   N/A       N/A         5
 Sculpt Simulacrum        Ice/Alch       Unusable   N/A       N/A         6
 Monstrous Menagerie      Summ           Unusable   N/A       N/A         7

Dungeon Overview and Level Annotations

Branches:
Dungeon (8/15)             Temple (1/1) D:6
   Lair: D:8-11

Altars:
Ashenzari
Cheibriados
Dithmenos
Elyvilon
Fedhas
Gozag
Hepliaklqana
Makhleb
Nemelex Xobeh
Okawaru
Qazlal
Ru
Sif Muna
Uskayaw
Vehumet
Wu Jian
Xom
Yredelemnul
Zin
The Shining One
Beogh

Annotations:
D:8 Erica


Innate Abilities, Weirdness & Mutations

You can wield a second weapon in your off-hand.
It takes a long time for you to wield or remove held weapons.
Your first few attacks do less damage.
Attacking and casting redirects power from your legs.


Message History

You slash Erica with your +0 long sword!
Erica is moderately wounded.
You hit Erica with your +1 dagger of venom.
Erica looks as sick as possible!
You feel sick.
You closely miss Erica with your +1 dagger of venom.
Erica is heavily wounded.
You barely miss Erica with your +0 long sword.
You feel sick. Erica misses you. Erica constricts you.
The wight closely misses you.
You hit Erica with your +0 long sword.
Erica is heavily wounded.
You miss Erica with your +1 dagger of venom.
You feel sick.
You hit Erica but do no damage.
Erica looks as sick as possible!
Erica is heavily wounded.
You slash Erica with your +0 long sword!
You feel sick. Erica hits you but does no damage. Erica constricts you.
The wight barely misses you.
You miss Erica with your +0 long sword.
Erica is severely wounded.
You hit Erica with your +1 dagger of venom.
Erica looks as sick as possible!
You feel sick.
Erica writhes her tentacles angrily.
Erica casts a spell at you. The bolt of poison misses you.
Erica constricts you.
The wight hits you from afar with a +3 spear.
* * * LOW HITPOINT WARNING * * *
You hit Erica with your +1 dagger of venom.
Erica looks as sick as possible!
Erica is severely wounded.
You slash Erica with your +0 long sword!
You feel sick.
You hit Erica with your +1 dagger of venom.
Erica is almost dead.
You hit Erica with your +0 long sword.
Erica stares at you and mumbles some strange words.
The bolt of poison hits you!
You are lethally poisoned!
You die...
Erica begins burbling mirthfully and uncontrollably.

....#.##.#............#.#
##.##.##.#.#....#.#.#.#.#
##.##.##.#.######.......
.#.##.##.#............#
.#.##.#...............#
.#....##..........#...#
.#................z...#
.#.#####.#######x.....#
.#.#####.#######@..#..#
.#.##.................#
.#.##.#####.####..##..#
...............#......#
...##.####.###.#..###.#
...##.# #.# #.#..#...#
...##.# #.# #.#..#...#
...##.####.###.#..#...#
...##.##.....)........#


You could see Erica (extremely poisoned) and a wight.

Vanquished Creatures
  Maurice (D:7)
  A black bear (D:8)
  2 orc warriors
  An ice beast (D:5)
  2 sky beasts (D:7)
  An ogre (D:4)
  2 phantoms
  3 bullfrogs
  A scorpion (D:5)
  A gnoll sergeant (D:6)
  2 howler monkeys
  2 bombardier beetles (D:6)
  A jelly (D:4)
  7 hounds
  A gnoll bouda (D:6)
  4 orc priests
  3 iguanas
  4 orc wizards
  12 adders
  8 gnolls (D:6)
  A shadow imp (D:7)
  2 ufetubi (D:6)
  2 dart slugs
  3 ribbon worms
  24 orcs
  4 bats
  3 endoplasms
  4 giant cockroaches
  6 goblins
  9 hobgoblins
  3 jackals (D:2)
  11 kobolds
  6 quokkas
  7 ball pythons
  3 frilled lizards
  4 rats
151 creatures vanquished.

Notes
Turn   | Place    | Note
-------+----------+-------------------------------------------
     0 | D:1      | Kenran the Coglin Gladiator began the quest for the Orb.
     0 | D:1      | Reached XP level 1. HP: 16/16 MP: 1/1
    68 | D:1      | Reached XP level 2. HP: 22/22 MP: 2/2
   287 | D:1      | Reached skill level 4 in Long Blades
   310 | D:1      | Reached XP level 3. HP: 27/27 MP: 3/3
   973 | D:2      | Reached XP level 4. HP: 30/33 MP: 4/4
  1050 | D:2      | Identified the +0 robe of the Blue Moon {rF+ Will+ Stlth-}
  1132 | D:2      | Reached skill level 5 in Long Blades
  1411 | D:3      | Found an ornate altar of the Wu Jian Council.
  1538 | D:3      | Reached XP level 5. HP: 38/38 MP: 5/5
  1660 | D:3      | Reached skill level 6 in Long Blades
  2016 | D:4      | Reached XP level 6. HP: 44/44 MP: 6/6
  2048 | D:4      | Reached skill level 7 in Long Blades
  2400 | D:4      | Reached XP level 7. HP: 50/50 MP: 7/7
  2564 | D:5      | Entered Level 5 of the Dungeon
  2611 | D:5      | Reached skill level 8 in Long Blades
  3311 | D:6      | Found a staircase to the Ecumenical Temple.
  3324 | Temple   | Entered the Ecumenical Temple
  3353 | Temple   | Became a worshipper of Warmaster Okawaru
  3459 | D:6      | Reached skill level 9 in Long Blades
  3483 | D:6      | Reached XP level 8. HP: 19/56 MP: 8/8
  3727 | D:6      | Reached skill level 10 in Long Blades
  3727 | D:6      | Reached skill level 1 in Evocations
  4100 | D:6      | Reached * piety under Okawaru
  4449 | D:7      | Reached skill level 5 in Evocations
  4512 | D:7      | Found a roughly hewn altar of Beogh.
  4512 | D:7      | Found the +7 staff of the Meek {protect, meekguard}
  4693 | D:7      | Reached ** piety under Okawaru
  4704 | D:7      | Reached XP level 9. HP: 61/61 MP: 9/9
  4710 | D:7      | Reached skill level 5 in Dodging
  5007 | D:7      | Noticed Maurice
  5016 | D:7      | Something stole a ring of poison resistance
  5025 | D:7      | Something stole 3 throwing nets
  5026 | D:7      | Killed Maurice
  5391 | D:7      | Reached skill level 5 in Fighting
  5584 | D:8      | Reached skill level 1 in Armour
  6009 | D:8      | Noticed Erica
  6023 | D:8      | Killed from afar by Erica

Illustrated notes

Levels and vault maps discovered:
D:1:      orjb1_clovarrival, layout_basic, feat_on_display
D:2:      layout_basic
D:3:      layout_rooms, nicolae_wu_jian_wuxing_cycle, minmay_misc_feat_chi,
          nicolae_half_adder
D:4:      layout_rooms
D:5:      layout_loops_ring
D:6:      layout_basic, temple_fountains
D:7:      layout_basic, pf_guarded_unrand_meek, uniq_maurice
D:8:      layout_basic, uniq_erica
Temple:   hellmonk_temple_of_storms

Skill      XL: |  1  2  3  4  5  6  7  8  9 |
---------------+----------------------------+-----
Long Blades    | 4 5 6 7 9 10 | 10.2
Evocations     | 5 |  5.0
Dodging        | 4 5 |  5.0
Fighting       | 5 |  5.2
Armour         | 1 |  1.9
Throwing       | |  1.7

Action                     |  1- 3 |  4- 6 |  7- 9 || total
---------------------------+-------+-------+-------++-------
  Melee: Long sword        |    53 |    89 |   246 ||   388
         Dagger            |    30 |    79 |   234 ||   343
 Invoke: Heroism           |       |       |     1 ||     1
    Use: Scroll            |     4 |     2 |     3 ||     9
         Potion            |       |       |     5 ||     5
 Armour: Leather armour    |    22 |       |       ||    22
         Scale mail        |     6 |    58 |   138 ||   202
  Dodge: Dodged            |    30 |    47 |   106 ||   183

Table legend: (Time is in decaauts)
 A = Elapsed time spent in this place.
 B = Non-inter-level travel time spent in this place.
 C = Inter-level travel time spent in this place.
 D = Time resting spent in this place.
 E = Time spent auto-exploring this place.
 F = Levels seen in this place.
 G = Mean time per level.
                   A        B        C        D        E       F      G
               +--------+--------+--------+--------+--------+-----+--------+
         Total |   6003 |   5897 |    106 |    773 |   3626 |   9 |  667.0 |
       Dungeon |   5960 |   5866 |     94 |    773 |   3626 |   8 |  745.0 |
        Temple |     42 |     30 |     12 |      0 |      0 |   1 |   42.0 |
               +--------+--------+--------+--------+--------+-----+--------+

Top non-repeatable levels by time:
     D:7: 1113 daAuts
     D:6: 1053 daAuts
     D:5: 739 daAuts
     D:1: 723 daAuts
     D:2: 686 daAuts
     D:3: 612 daAuts
     D:4: 549 daAuts
     D:8: 482 daAuts
  Temple: 42 daAuts
